 Dungeon Crawl Stone Soup version 0.21-a0-111-g52d2817 (webtiles) character file.

75 Ijustatesigmund the Ruffian (level 4, 0/44 HPs)
             Began as a Troll Monk on July 11, 2017.
             Slain by an adder (2 damage)
             ... on level 3 of the Dungeon.
             The game lasted 00:03:55 (1170 turns).

Ijustatesigmund the Ruffian (Troll Monk)            Turns: 1170, Time: 00:03:56

Health: 0/44       AC:  5    Str: 24    XL:     4   Next: 11%
Magic:  0/3        EV: 10    Int:  6    God:
Gold:   120        SH:  0    Dex: 13    Spells: 3/3 levels left

rFire    . . .     SeeInvis .     - Unarmed
rCold    . . .     Gourm    +   (no shield)
rNeg     . . .     Faith    .   a - +0 robe
rPois    .         Spirit   +   (helmet restricted)
rElec    .         Reflect  .   (no cloak)
rCorr    .         Harm     .   (gloves unavailable)
MR       .....     Rnd*Tele +   (boots unavailable)
Stlth    ++........             g - amulet of guardian spirit
HPRegen  0.54/turn              i - ring of teleportation (curse)
MPRegen  0.08/turn              (no ring)

@: mighty, hasted, very quick
A: unfitting armour, claws 3, fast metabolism 3, gourmand, regeneration 1,
shaggy fur 1, tough skin 2
a: no special abilities


You were on level 3 of the Dungeon.
You were very full.

You visited 1 branch of the dungeon, and saw 3 of its levels.

You collected 120 gold pieces.

Inventory:

Missiles
 h - 5 large rocks (quivered)
Armour
 a - a +0 robe (worn)
Jewellery
 g - an amulet of guardian spirit (around neck)
 i - a cursed ring of teleportation (left claw)
Potions
 c - 3 potions of haste
 f - a potion of curing
Comestibles
 b - 4 bread rations
 d - a meat ration


   Skills:
 + Level 2.4 Fighting
 - Level 2.4 Dodging
 - Level 1.0 Stealth
 + Level 5.0 Unarmed Combat


You had 3 spell levels left.
You didn't know any spells.

Dungeon Overview and Level Annotations

Branches:
Dungeon (3/15)

Altars:
Fedhas

Annotations:
D:3 2 transporters


Innate Abilities, Weirdness & Mutations

You are too large for most types of armour.
You have claws for hands.
Your metabolism is lightning-fast.
You like to eat raw meat.
Your natural rate of healing is unusually fast.
You are covered in fur. (AC +1)
You have very tough skin. (AC +2)


Message History

The ice beast hits you. The ice beast freezes you!
* * * LOW HITPOINT WARNING * * *
The adder barely misses you.
There is a transporter landing site here.
You can't go up here!
It was a potion of curing.
You feel better. The adder barely misses you. The ice beast hits you.
* * * LOW HITPOINT WARNING * * *
The ice beast freezes you!
* * * LOW HITPOINT WARNING * * *
It was a potion of might.
You feel very mighty all of a sudden. The adder bites you.
* * * LOW HITPOINT WARNING * * *
The orc hits you but does no damage. The ice beast completely misses you.
The adder bites you but does no damage.
You feel yourself speed up. The orc hits you but does no damage.
The ice beast closely misses you. The adder bites you but does no damage.
The adder bites you.
You die...

#.### ....##### #
#####.......##
.#.#.....©......#
...$.#########$..
....##8(....8##.#
#..#.)(.Y....#.#
....#..#S©.#..#.
....#.#.@o..# .
....#©........#.
#...#.#.....#.#..
....#..#...#..#..
#...#..?$$(!..#..
#...##8?._.$8##..
. ..#########..
##.....©..:..


You could see an ice beast, an adder and an orc.

Vanquished Creatures
  A hound skeleton (D:2)
  An ooze (D:2)
  An adder zombie (D:2)
  4 adder skeletons (D:2)
  A worm (D:2)
  A dart slug (D:2)
  An orc (D:3)
  A bat skeleton (D:2)
  3 giant cockroaches
  6 goblins (D:2)
  4 hobgoblins
  2 jackals (D:2)
  A ball python zombie (D:2)
  3 bats
  A frilled lizard (D:2)
  A giant cockroach zombie (D:2)
  3 leopard gecko skeletons (D:2)
  A leopard gecko zombie (D:2)
  3 rats
39 creatures vanquished.

Notes
Turn   | Place    | Note
-------+----------+-------------------------------------------
     0 | D:1      | Ijustatesigmund the Troll Monk began the quest for the Orb.
     0 | D:1      | Reached XP level 1. HP: 22/22 MP: 0/0
   322 | D:1      | You fall through a shaft!
   330 | D:2      | Reached XP level 2. HP: 29/29 MP: 1/1
   658 | D:2      | Reached skill level 4 in Unarmed Combat
   737 | D:2      | Reached XP level 3. HP: 33/36 MP: 2/2
  1115 | D:2      | Reached skill level 5 in Unarmed Combat
  1115 | D:2      | Reached XP level 4. HP: 40/44 MP: 3/3
  1159 | D:3      | Found a transporter.
  1159 | D:3      | Found a blossoming altar of Fedhas.
  1160 | D:3      | Noticed an ice beast
  1160 | D:3      | Found a transporter.
  1166 | D:3      | HP: 2/44 [ice beast (12)]
  1170 | D:3      | Slain by an adder

Vault maps used:
D:1:      enne_arrival_octagon_isle, minmay_misc_feat_cross
D:2:      serial_undead, serial_undead_b, serial_undead_a, serial_undead_a,
          serial_undead_d, serial_undead_e, serial_undead_b,
          minmay_misc_feat_pillars, hangedman_decor_growths, minivault_25
D:3:      gammafunk_temple_overflow_arena, minitemple

Skill      XL: |  1  2  3 |
---------------+----------+-----
Unarmed Combat | 4 5 |  5.0
Fighting       | |  2.4
Dodging        | |  2.4
Stealth        | |  1.0

Action                   |  1- 3 |  4- 6 || total
-------------------------+-------+-------++-------
Melee: Unarmed           |    86 |     4 ||    90
       Punch             |     1 |       ||     1
Throw: Large rock        |       |     1 ||     1
  Use: Scroll            |     4 |       ||     4
       Potion            |       |     3 ||     3
 Stab: Sleeping          |     3 |       ||     3
  Eat: Chunk             |    14 |       ||    14
Armor: Robe              |    25 |     7 ||    32
Dodge: Dodged            |    34 |     6 ||    40
